Map: 사이버 포레스트 - 래더

Players

TYTY (TY)

  • Race: Terran Terran
  • Spawn Location: 5:00

Bunny - Winner!

  • Race: Terran Terran
  • Spawn Location: 11:00

Event: IEM Season 13: Katowice (2019)

VOD

Have the link to the VOD?

Description

Time

  • Played on: March 1, 2019, 3:53 p.m.
  • Length: 19:28

All games in this series

Show
View Real Time Build Order
Export as new Build Order

TYTY Terran 

Build Orders: Cyclone Opening, Gas First Reaper Expand, Mech 

Get SALT Encoding   

  12  0:00  SCV  
  13  0:12  SCV  
  14  0:17  Supply Depot  
  14  0:24  SCV  
  15  0:29  Refinery  
  15  0:39  SCV  
  16  0:44  Barracks  
  16  0:51  SCV  
  17  1:03  SCV  
  18  1:15  SCV  
  19  1:31  Reaper, Orbital Command  
  20  1:42  Command Center  
  20  1:53  Factory  
  20  1:58  SCV  
  21  2:03  Supply Depot  
  21  2:06  Barracks Reactor  
  21  2:10  SCV  
  22  2:16  Refinery  
  22  2:22  SCV  
  23  2:34  SCV  
  24  2:40  Factory Tech Lab  
  24  2:43  Marine x2  
  26  2:46  SCV  
  27  2:53  Orbital Command  
  27  2:58  SCV  
  27  2:59  Cyclone  
  27  3:01  Marine x2  
  33  3:10  SCV  
  34  3:19  SCV  
  35  3:22  SCV  
  36  3:27  Command Center  
  36  3:31  SCV  
  37  3:35  Starport  
  37  3:36  SCV  
  38  3:42  Siege Tank  
  38  3:44  SCV  
  38  3:48  SCV  
  43  3:51  Supply Depot  
  43  3:52  Barracks Tech Lab  
  43  3:56  SCV  
  43  4:00  SCV  
  43  4:01  Refinery  
  45  4:08  SCV  
  46  4:11  Refinery  
  46  4:12  SCV  
  47  4:18  Raven  
  47  4:20  SCV  
  47  4:23  Supply Depot, Marine x2  
  52  4:24  SCV  
  53  4:32  SCV  
  54  4:39  Siege Tank, Orbital Command, SCV  
  54  4:45  SCV, Supply Depot  
  61  4:51  SCV  
  60  4:55  Factory  
  60  4:57  SCV  
  61  5:02  Barracks Reactor  
  61  5:03  SCV  
  61  5:04  Raven  
  61  5:05  SCV  
  65  5:09  SCV, Supply Depot  
  66  5:15  SCV, Supply Depot  
  66  5:16  Siege Tank, Supply Depot  
  66  5:19  Orbital Command  
  66  5:21  SCV  
  71  5:27  SCV  
  72  5:29  Refinery  
  72  5:33  SCV  
  72  5:35  Refinery  
  73  5:38  Armory  
  73  5:39  Armory, SCV  
  74  5:45  SCV  
  74  5:47  SCV  
  76  5:50  Siege Tank  
  76  5:51  Hellion x2  
  76  5:52  SCV  
  84  5:57  SCV  
  84  5:59  SCV  
  84  6:00  Viking x2  
  84  6:04  SCV, Supply Depot  
  91  6:09  SCV  
  90  6:11  Factory, SCV  
  90  6:14  Hellion x2  
  90  6:17  SCV  
  96  6:21  Supply Depot  
  96  6:24  SCV x2  
  98  6:28  Terran Vehicle Weapons Level 1, Terran Vehicle And Ship Armor Level 1  
  98  6:31  Siege Tank  
  101  6:33  SCV  
  101  6:36  SCV x2  
  103  6:42  Viking x2  
  103  6:45  Hellion  
  110  6:52  Hellion  
  112  6:57  Barracks Reactor  
  112  6:58  SCV x3  
  112  7:01  Factory, Supply Depot  
  113  7:02  Factory  
  113  7:05  Siege Tank  
  113  7:06  Siege Tank  
  116  7:15  Medivac  
  121  7:19  Hellion x2  
  121  7:20  Engineering Bay  
  122  7:27  SCV  
  122  7:28  SCV x2  
  125  7:33  Orbital Command, Supply Depot  
  125  7:36  Supply Depot  
  117  7:40  Siege Tank x2  
  117  7:42  Hellion x2  
  121  7:44  SCV x2  
  121  7:50  Medivac x2  
  115  8:01  Factory Tech Lab  
  115  8:03  Hellion x2  
  115  8:04  SCV x2  
  121  8:11  SCV  
  107  8:20  Siege Tank x3  
  107  8:21  Hellion  
  107  8:22  Hellion  
  120  8:37  Terran Vehicle Weapons Level 2  
  120  8:39  SCV x2  
  120  8:40  SCV  
  123  8:42  Missile Turret  
  123  8:43  Missile Turret  
  123  8:46  Terran Vehicle And Ship Armor Level 2, Hellion x3  
  129  8:50  Missile Turret  
  130  8:56  Sensor Tower, Hellion x2  
  130  9:00  Hellion  
  135  9:07  Viking x2  
  139  9:14  Supply Depot x2  
  139  9:18  Supply Depot  
  139  9:28  Missile Turret  
  139  9:30  Supply Depot  
  139  9:31  Supply Depot  
  139  9:33  Supply Depot  
  139  9:36  Hellion  
  141  9:40  Siege Tank, Hellion  
  141  9:41  Viking  
  148  9:49  Infernal Pre-Igniter  
  148  9:52  Siege Tank, Hellion x2  
  155  9:56  Mag-Field Accelerator  
  155  10:00  Viking  
  155  10:01  Supply Depot  
  155  10:06  Hellion  
  162  10:09  SCV  
  159  10:25  Viking, Hellion x2  
  159  10:26  SCV  
  159  10:27  SCV x2  
  170  10:30  Viking  
  172  10:36  Cyclone x3  
  172  10:39  Hellion x2  
  176  10:46  Command Center, SCV  
  176  10:47  SCV x2  
  181  11:14  Hellion x2  
  156  11:20  Hellion x2  
  136  11:25  Viking x2  
  136  11:28  Terran Vehicle And Ship Armor Level 3  
  136  11:29  Terran Ship Weapons Level 1  
  137  11:37  Thor x2  
  137  11:39  Command Center, SCV  
  142  11:40  SCV  
  143  11:49  Hellion  
  143  11:52  Missile Turret, Sensor Tower  
  144  11:56  Hellion x2  
  144  11:58  Viking x2  
  145  12:11  SCV x3  
  146  12:15  Siege Tank  
  146  12:20  Siege Tank  
  149  12:23  Hellion x3  
  149  12:28  Viking  
  154  12:32  SCV x2  
  153  12:39  Siege Tank  
  153  12:40  Hellion  
  158  12:44  Hellion  
  158  12:47  Viking  
  158  12:49  Refinery  
  158  12:50  Refinery  
  164  12:52  Missile Turret  
  164  12:55  Planetary Fortress  
  164  12:57  Siege Tank  
  165  13:03  Hellion x2  
  165  13:05  Viking, Hellion  
  173  13:16  Command Center  
  176  13:22  Viking  
  178  13:37  Starport  
  178  13:39  Starport, Sensor Tower  
  184  13:45  Thor x2  
  184  13:47  Thor  
  193  13:48  Sensor Tower  
  193  13:50  Terran Ship Weapons Level 2  
  193  13:52  Planetary Fortress  
  193  14:00  Missile Turret  
  193  14:01  Missile Turret  
  193  14:04  Viking  
  163  14:20  Hellion x4  
  163  14:22  SCV x2  
  171  14:29  Viking  
  173  14:31  Starport Tech Lab x2  
  173  14:33  Siege Tank x3  
  173  14:34  Viking  
  173  14:36  Factory  
  184  14:43  SCV  
  184  14:44  Neosteel Armor  
  187  14:49  Sensor Tower  
  187  14:51  Raven x2  
  189  14:56  SCV x3  
  192  15:06  Terran Vehicle Weapons Level 3  
  192  15:09  Hellion x2  
  192  15:13  Refinery  
  192  15:14  Refinery, SCV x2  
  193  15:15  Missile Turret  
  193  15:21  Sensor Tower  
  196  15:24  Viking x2  
  196  15:28  Factory Tech Lab  
  199  15:31  Smart Servos  
  199  15:48  Missile Turret  
  199  15:49  Missile Turret  
  199  15:56  Thor x2, Viking x2  
  179  15:58  Viking x2  
  170  16:04  Siege Tank x2  
  170  16:05  Siege Tank, Hellion  
  170  16:06  Hellion  
  170  16:07  SCV x2  
  181  16:18  Terran Ship Weapons Level 3  
  179  16:20  Hellion x2  
  179  16:26  Viking x2  
  179  16:29  Viking x2  
  187  16:38  Starport x2  
  185  16:45  Missile Turret  
  185  16:46  Liberator x2  
  184  16:48  Siege Tank x2  
  184  16:50  Missile Turret  
  184  17:01  Siege Tank  
  184  17:06  Hellion  
  192  17:17  Siege Tank  
  169  17:25  Siege Tank  
  155  17:48  Raven x2  
  155  17:49  Hellion x5  
  155  17:50  Viking x2  
  157  17:51  Orbital Command  
  157  17:52  SCV x2  
  157  17:57  Starport Reactor x2  
  159  17:58  Starport Tech Lab  
  159  18:03  SCV  
  159  18:04  SCV x2  
  162  18:08  Sensor Tower  
  162  18:15  SCV  
  162  18:16  SCV  
  164  18:20  Viking x2  
  170  18:29  SCV x3  
  175  18:35  Viking x2  
  175  18:41  Viking x2  
  179  18:45  Fusion Core  
  179  18:52  Viking  
  179  18:53  Viking  
Show
View Real Time Build Order
Export as new Build Order

Bunny Terran - Winner!

Build Orders: Cyclone Opening, Gas First Reaper Expand 

Get SALT Encoding   

  12  0:00  SCV  
  13  0:13  SCV  
  14  0:17  Supply Depot  
  14  0:25  SCV  
  15  0:29  Refinery  
  15  0:39  SCV  
  16  0:44  Barracks  
  16  0:51  SCV  
  17  1:03  SCV  
  18  1:15  SCV  
  19  1:31  Reaper, Orbital Command  
  20  1:43  Command Center  
  20  1:52  Factory  
  20  1:57  SCV  
  21  2:04  Supply Depot  
  21  2:07  Barracks Reactor  
  21  2:09  SCV  
  21  2:13  Refinery  
  22  2:21  SCV  
  23  2:33  SCV  
  23  2:36  Factory Tech Lab  
  24  2:44  Marine x2  
  24  2:46  SCV  
  27  2:54  Cyclone  
  27  2:55  Orbital Command  
  27  2:58  SCV  
  31  3:02  Marine x2  
  33  3:06  Starport  
  33  3:10  SCV  
  34  3:19  Marine  
  34  3:20  Marine  
  34  3:21  SCV  
  34  3:22  SCV  
  38  3:29  Supply Depot  
  38  3:33  Factory Tech Lab, SCV  
  39  3:34  SCV  
  39  3:38  Marine x2  
  42  3:45  SCV  
  42  3:46  SCV  
  42  3:47  Raven  
  45  3:57  Command Center  
  45  3:59  SCV x2  
  47  4:03  Refinery  
  47  4:09  Refinery  
  47  4:10  Siege Tank  
  47  4:11  SCV  
  47  4:14  SCV  
  52  4:17  Supply Depot  
  52  4:22  Bunker  
  53  4:24  SCV  
  53  4:26  SCV  
  54  4:38  Supply Depot  
  54  4:39  Raven, SCV x2, Marine x2  
  60  4:47  Supply Depot  
  60  4:51  SCV x2  
  62  4:58  Supply Depot  
  62  5:00  Siege Tank  
  62  5:06  Barracks  
  65  5:07  Barracks, SCV  
  65  5:09  SCV  
  65  5:13  Orbital Command  
  67  5:19  SCV  
  68  5:21  SCV  
  68  5:26  Stimpack, Marine  
  70  5:29  Starport Reactor  
  70  5:32  SCV  
  70  5:33  SCV  
  70  5:35  Engineering Bay x2  
  72  5:39  Siege Tank  
  75  5:44  SCV  
  75  5:45  SCV  
  75  5:47  Orbital Command  
  77  5:51  Marauder  
  77  5:55  Barracks Tech Lab, Marine  
  79  5:57  Barracks  
  79  5:58  Barracks  
  79  6:01  Supply Depot  
  79  6:05  Medivac x2  
  79  6:07  SCV  
  84  6:11  Refinery  
  84  6:13  SCV x2  
  84  6:14  Refinery  
  86  6:19  Terran Infantry Weapons Level 1  
  86  6:20  Terran Infantry Armor Level 1  
  86  6:23  Marauder  
  86  6:25  Marauder  
  90  6:26  Marine  
  90  6:28  Marine  
  90  6:30  SCV x3  
  94  6:33  Siege Tank  
  97  6:42  SCV x2, Medivac  
  97  6:43  SCV  
  97  6:44  Medivac, Supply Depot  
  104  6:53  Marauder x2  
  108  6:55  Barracks Tech Lab, Barracks Reactor, Marine  
  108  6:59  Combat Shield  
  109  7:02  Marine  
  111  7:08  SCV x3  
  111  7:12  Medivac, Supply Depot  
  111  7:14  Medivac  
  113  7:17  Marauder x2  
  113  7:18  Marauder  
  113  7:22  Marine x2  
  121  7:26  Armory, SCV  
  121  7:27  Concussive Shells  
  121  7:28  SCV  
  121  7:29  SCV  
  124  7:34  Siege Tank  
  125  7:41  Marauder x2  
  125  7:42  Marauder, Marine  
  114  7:54  Medivac x2  
  114  7:57  Marine x2  
  117  8:02  Marauder  
  117  8:03  Marauder  
  117  8:04  Marauder, Marine  
  124  8:05  SCV  
  124  8:06  Siege Tank, SCV  
  127  8:15  Marine x2  
  127  8:18  Marine  
  118  8:22  Marine  
  118  8:23  Terran Infantry Weapons Level 2  
  118  8:24  Marauder x2  
  118  8:25  Marauder, Terran Infantry Armor Level 2  
  125  8:27  Viking  
  125  8:30  Viking  
  129  8:39  Marine x3  
  129  8:40  Marine  
  133  8:47  Supply Depot  
  133  8:48  Supply Depot  
  133  8:51  Terran Ship Weapons Level 1  
  133  9:03  Marauder, Command Center  
  133  9:09  Marauder, Siege Tank, Marine x3  
  141  9:10  Viking, Supply Depot  
  141  9:11  Supply Depot  
  141  9:12  Supply Depot  
  141  9:13  Viking  
  141  9:16  SCV x3  
  148  9:32  Marauder x3  
  148  9:34  Supply Depot  
  148  9:36  Marine x3  
  148  9:37  Starport  
  157  9:39  Starport  
  157  9:41  Siege Tank  
  157  9:42  Viking  
  157  9:45  Viking  
  164  9:50  SCV x3  
  167  9:54  Marauder  
  169  10:06  Marauder  
  169  10:07  Marauder  
  173  10:09  Marine x2  
  173  10:10  Marine x2  
  177  10:15  Marauder  
  177  10:17  Sensor Tower  
  178  10:23  Viking  
  178  10:24  Viking x3  
  174  10:29  Marauder x2, Marine  
  174  10:30  Marine x3  
  174  10:33  Siege Tank  
  180  10:36  Marauder, Liberator x2  
  180  10:41  Fusion Core  
  182  10:47  Marine  
  182  10:49  Planetary Fortress  
  183  10:50  Refinery, Marine x4  
  183  10:51  Refinery  
  183  10:53  SCV x3  
  196  11:01  Viking  
  196  11:02  Viking  
  194  11:11  SCV  
  194  11:15  Marauder x2  
  194  11:17  Marine  
  194  11:18  Marine x3  
  178  11:19  Liberator  
  149  11:31  Viking  
  145  11:36  Viking  
  150  11:41  Marauder x3, Starport Tech Lab, Marine x4  
  150  11:44  Terran Infantry Weapons Level 3  
  160  11:47  Missile Turret  
  160  11:50  Terran Infantry Armor Level 3  
  160  11:51  Command Center  
  160  11:56  SCV x2  
  160  11:57  Terran Ship Weapons Level 2, SCV x2  
  164  12:05  Marauder, Supply Depot  
  164  12:06  Marauder  
  164  12:07  Liberator  
  168  12:08  SCV  
  168  12:14  Marine x4  
  173  12:18  Barracks  
  173  12:19  Barracks  
  173  12:21  Barracks  
  173  12:24  Advanced Ballistics  
  179  12:35  Viking  
  182  12:37  Viking x2  
  182  12:39  Marauder  
  182  12:40  Marauder  
  184  12:56  Marauder, Marine  
  184  12:57  Marine x3  
  190  13:00  Marauder  
  190  13:01  Marauder  
  190  13:02  Siege Tank  
  190  13:05  Missile Turret, Viking  
  199  13:06  Orbital Command  
  199  13:08  Refinery, SCV  
  200  13:22  Starport Reactor  
  200  13:28  Starport  
  200  13:30  Starport, Refinery  
  200  13:31  Starport  
  200  13:40  Sensor Tower  
  200  13:41  Barracks Tech Lab x2, Barracks Reactor  
  200  13:43  Command Center  
  200  13:49  Missile Turret  
  200  13:50  Missile Turret, Sensor Tower  
  200  13:58  Liberator  
  200  14:02  Viking x2  
  198  14:08  Viking  
  198  14:09  Viking x3  
  192  14:15  Liberator, Viking  
  192  14:20  Terran Ship Weapons Level 3  
  192  14:21  Liberator x2  
  192  14:24  Liberator  
  186  14:32  Viking  
  191  14:40  Starport Reactor  
  200  15:00  Starport Reactor  
  190  15:14  Viking x2  
  190  15:15  Viking  
  196  15:21  Viking x2  
  196  15:23  Planetary Fortress  
  200  15:31  Starport Reactor  
  200  15:45  Command Center  
  200  15:50  Sensor Tower  
  200  15:51  Refinery  
  200  15:52  Missile Turret  
  200  15:53  Viking  
  200  15:54  Viking x3  
  196  16:01  Viking  
  196  16:02  Viking x4  
  198  16:06  Marauder  
  198  16:08  Marauder  
  194  16:12  Marine x2  
  196  16:23  Viking  
  196  16:24  Viking  
  200  16:41  Viking  
  199  16:49  Command Center  
  197  16:57  Terran Vehicle And Ship Armor Level 1  
  186  17:02  Viking  
  188  17:14  Viking x10  
  185  17:21  Marauder x5, Marine x3  
  185  17:22  Marine x3  
  171  17:32  Viking  
  171  17:33  Orbital Command  
  163  17:38  Marine  
  163  17:39  Marine  
  163  17:41  Liberator  
  163  17:42  Marauder  
  163  17:44  Viking x2  
  169  17:45  Liberator, Viking x3  
  169  17:46  Viking  
  173  17:58  Viking x3  
  173  18:03  SCV x6  
  191  18:08  Refinery x2  
  191  18:14  Medivac  
  193  18:24  Marauder x2  
  193  18:26  Marine x3  

Tags
 
Add a new tag
Caveats
  • Supply blocks, unpowered buildings, or Contaminate may cause inaccurate times.
  • Supply counts are checked every 10 seconds.